 Dungeon Crawl Stone Soup version 0.29.1-12-g30fa7ad0bf (webtiles) character file.

Game seed: 15950902644282166264

78 nora the Trooper (level 4, -1/40 HPs)
             Began as a Minotaur Fighter on Dec 27, 2022.
             Slain by Sigmund
             ... wielding a +3 scythe of flaming
              (8 damage)
             ... on level 3 of the Dungeon.
             The game lasted 00:02:01 (2101 turns).

nora the Trooper (Minotaur Fighter)                 Turns: 2101, Time: 00:02:01

Health: -1/40      AC:  7    Str: 23    XL:     4   Next: 15%
Magic:  3/3        EV:  9    Int:  5    God:
Gold:   167        SH:  0    Dex:  9    Spells: 3/3 levels left

rFire   + . .      SeeInvis .   a - +0 war axe
rCold   . . .      Faith    .   c - +0 buckler
rNeg    . . .      Spirit   .   b - +0 scale mail
rPois   .          Reflect  .   (helmet restricted)
rElec   .          Harm     .   (no cloak)
rCorr   .          Rampage  .   (no gloves)
Will    .....                   (no boots)
Stlth   ..........              (no amulet)
HPRegen 0.13/turn               g - ring of protection from fire
MPRegen 0.08/turn               (no ring)

@: confused
A: horns 2, retaliatory headbutt
a: no special abilities


You were on level 3 of the Dungeon.
You visited 1 branch of the dungeon, and saw 3 of its levels.

You collected 167 gold pieces.

Inventory:

Hand Weapons
 a - a +0 war axe (weapon)
Armour
 b - a +0 scale mail (worn)
 c - a +0 buckler (worn)
Jewellery
 g - a ring of protection from fire (left hand)
Scrolls
 e - a scroll of immolation
 f - 4 scrolls of teleportation
 h - a scroll of poison
 k - a scroll of enchant weapon {unknown}
 l - a scroll of enchant armour {unknown}
 n - a scroll of identify {unknown}
 o - a scroll of brand weapon {unknown}
Potions
 d - a potion of might
 i - a potion of cancellation {unknown}
 j - 2 potions of curing {unknown}
 m - 2 potions of haste {unknown}


   Skills:
 + Level 4.2 Fighting
 + Level 3.5 Axes
 + Level 4.2 Armour
 + Level 1.0 Dodging
 + Level 4.1 Shields


You had 3 spell levels left.
You didn't know any spells.
Your spell library contained the following spells:

 Spells                   Type           Power      Damage    Failure   Level
 Static Discharge         Conj/Air       0%         3-3/arc   95%         2
 Sublimation of Blood     Necr           0%         N/A       95%         2
 Wereblood                Tmut           0%         N/A       95%         2
 Lightning Bolt           Conj/Air       0%         1d11      100%        5
 Summon Hydra             Summ           0%         N/A       100%        7
 Maxwell's Capacitive Co  Air            0%         ∞         100%        8


Dungeon Overview and Level Annotations

Branches:
Dungeon (3/15)

Altars:

Shops:
D:3 (

Annotations:
D:3 Sigmund


Innate Abilities, Weirdness & Mutations

You have a pair of horns on your head.
You reflexively headbutt those who attack you in melee.


Message History

You see here 4 stones.
You now have 167 gold pieces (gained 16).
o - a scroll labelled TEDWEI FUNTIJ
Found a stone staircase leading up.
Key pressed, stopping explore.
No target in view!
f - 4 scrolls of teleportation (gained 1)
There is an entrance to Aluukh's Weapon Shop here.
Found 3 stones.
Sigmund the Dreaded comes into view.
He is wielding a +3 scythe of flaming.
Sigmund shouts!
Sigmund gestures at you while chanting. You resist with some effort.
Sigmund casts a spell.
Sigmund flickers and vanishes!
Deactivating autopickup; reactivate with Ctrl-A.
There is a strange disturbance nearby!
No target in view!
There is a strange disturbance nearby!
There is a strange disturbance nearby!
There is a strange disturbance nearby!
No target in view!
A magic dart appears from out of thin air!
The magic dart hits you.
Something tries to affect you, but you resist.
Something hits you but does no damage.
You closely miss something. Something hits you but does no damage.
You barely miss something. Something hits you.
You miss something. Something hits you!
You miss something. You closely miss something. Something hits you!
Something burns you.
You hit something. Something hits you!
* * * LOW HITPOINT WARNING * * *
You closely miss something. Something hits you.
* * * LOW HITPOINT WARNING * * *
You barely miss something.
You hear some strange, mumbled words.
You are confused.
You're too confused to move!
Something hits you!
You die...

#< #.###.#..###...
###..........####
#######.......#.##.#
#..........####.##.####
#............#####.....
#....(.....#.# ######
#.........##.#
#.........# .
#.....@...# ## ###
#.....{...# #..
#.........# ####..
#.........# #.....
#.........# #.#.#.
########### #.#...
#.#..# #.#... #.....


There were no monsters in sight!

Vanquished Creatures
  3 adders
  3 dart slugs
  5 ball pythons
  6 bats
  5 endoplasms
  2 giant cockroaches (D:2)
  4 goblins
  5 hobgoblins
  3 quokkas
  3 frilled lizards (D:2)
  A kobold (D:1)
  A rat (D:1)
41 creatures vanquished.

Vanquished Creatures (others)
  A plant (D:2)
1 creature vanquished.

Grand Total: 42 creatures vanquished

Notes
Turn   | Place    | Note
-------+----------+-------------------------------------------
     0 | D:1      | nora the Minotaur Fighter began the quest for the Orb.
     0 | D:1      | Reached XP level 1. HP: 19/19 MP: 0/0
    70 | D:1      | You fall into a shaft and drop 1 floor!
   343 | D:2      | Reached XP level 2. HP: 27/27 MP: 1/1
   370 | D:2      | Found a faded altar of an unknown god.
   488 | D:1      | Reached XP level 3. HP: 33/33 MP: 2/2
  1710 | D:3      | Found Aluukh's Weapon Shop.
  1750 | D:3      | Reached skill level 1 in Dodging
  1750 | D:3      | Reached XP level 4. HP: 40/40 MP: 3/3
  2086 | D:3      | Noticed Sigmund
  2101 | D:3      | Slain by Sigmund

Illustrated notes

Levels and vault maps discovered:
D:1:      psy_arrival_radial01, layout_basic, serial_glass, glass_columns_a,
          glass_columns_b, glass_columns_a
D:2:      layout_rooms, chequers_ecumenical_altar_lobes,
          minmay_misc_feat_diagonals
D:3:      layout_basic, serial_shops, shop, st_stairs_14, uniq_sigmund

Skill      XL: |  1  2  3 |
---------------+----------+-----
Armour         | 4 |  4.2
Fighting       | 4 |  4.2
Shields        | 4 |  4.1
Axes           | 3 |  3.5
Dodging        | 1 |  1.0

Action                   |  1- 3 |  4- 6 || total
-------------------------+-------+-------++-------
Melee: War axe           |    74 |    15 ||    89
       Headbutt          |     5 |     1 ||     6
  Use: Scroll            |     3 |       ||     3
Armor: Scale mail        |    39 |     3 ||    42
Dodge: Dodged            |    34 |     5 ||    39
Block: Buckler           |    20 |     2 ||    22
